 Dungeon Crawl Stone Soup version 0.16-a0-3532-g139d762 (webtiles) character file.

114 Stone the Cudgeler (level 4, 0/35 HPs)
             Began as a Mummy Fighter on Jan 8, 2015.
             Slain by a river rat (3 damage)
             ... on level 3 of the Dungeon.
             The game lasted 00:07:36 (2743 turns).

Stone the Cudgeler (Mummy Fighter)                  Turns: 2743, Time: 00:07:37

Health: 0/35       AC:  8    Str: 20    XL:     4   Next: 66%
Magic:  4/4        EV:  5    Int:  7    God:
Gold:   136        SH:  8    Dex: 11    Spells: 0 memorised, 3 levels left

rFire  x . .     SeeInvis .     a - +0 flail
rCold  + + .     Clarity  .     p - +0 chain mail
rNeg   + + +     SustAb   .     c - +0 shield
rPois  ∞         Gourm    .     (no helmet)
rElec  .         Spirit   .     (no cloak)
rCorr  .         Warding  .     (no gloves)
rMut   .         Stasis   .     (no boots)
MR     .....                    (no amulet)
Stlth  ..........               m - ring of protection from cold
                                h - ring of stealth

@: not resistant to hostile enchantments, extremely unstealthy
A: no food or potions, fire vulnerability, restore body, cold resistance 1,
negative energy resistance 3, poison resistance, torment resistance, unbreathing
a: no special abilities


You were on level 3 of the Dungeon.
You were not hungry.

You visited 1 branch of the dungeon, and saw 3 of its levels.

You collected 136 gold pieces.

Inventory:

Hand weapons
 a - a +0 flail (weapon)
 e - a +0 mace
 o - a cursed +0 hunting sling
Armour
 b - a +0 scale mail
 c - a +0 shield (worn)
 l - a +0 scale mail
 p - a +0 chain mail (worn)
Jewellery
 h - a ring of stealth (left hand)
 m - a ring of protection from cold (right hand)
Scrolls
 d - 2 scrolls of identify
 f - a scroll of remove curse {unknown}
 g - a scroll of noise {unknown}
 i - a scroll of fear {unknown}
 j - a scroll of amnesia {unknown}
 k - 3 scrolls of recharging {unknown}
 n - a scroll of magic mapping {unknown}


   Skills:
 - Level 3.0 Fighting
 + Level 4.1 Maces & Flails
 - Level 2.4 Armour
 - Level 2.4 Shields


You had 3 spell levels left.
You didn't know any spells.

Dungeon Overview and Level Annotations

Branches:
Dungeon (3/15)

Altars:
Nemelex Xobeh

Portals:
Sewer: D:3

Annotations:
D:3 Jessica; Stone's ghost, average OpFi


Innate Abilities, Weirdness & Mutations

You do not eat or drink.
Your flesh is vulnerable to fire.
Your flesh is cold resistant.
You are immune to negative energy.
Your system is resistant to poisons.
You are immune to unholy pain and torment.
You can survive without breathing.


Message History

The bat barely misses you.
The giant cockroach bites you but does no damage.
Jessica casts a spell at you.
You are unaffected.
A river rat comes into view.
The bat hits you but does no damage.
A river rat comes into view.
You block the bat's attack.
Stone's ghost hits you but does no damage.
The giant cockroach bites you but does no damage.
The bat barely misses you. You block the bat's attack.
Jessica hits you but does no damage. The bat hits you but does no damage. x2
Found a metallic red potion.
Found a glowing drain.
You block the river rat's attack.
A river rat and a giant cockroach come into view.
You block the river rat's attack.
An adder, a river rat and a giant cockroach come into view.
The giant cockroach moves out of view.
The river rat bites you.
You die...

.###### ....... ...s...
..≈≈≈...###########
r≈r≈≈≈..@ss.r.....#
.≈≈∩≈≈...r.@J.g...#######
≈S≈≈≈...rW......$#.....#
.≈≈≈....b..g..g..#.....#
...............=..g.....
......#####.####g...$..
.!.## #......w..... .#
#.....%......
..).#..g.w...#


You could see an ooze, Stone's ghost, an adder, 4 river rats, Jessica, 3 giant
cockroaches, 2 hobgoblins, a goblin, a bat and a rat.

Vanquished Creatures
  Robin (D:3)
  4 adders
  3 worms
  2 giant geckos (D:2)
  10 goblins
  3 hobgoblins (D:1)
  A ball python (D:3)
  6 bats
  3 giant cockroaches
  7 giant newts
  5 kobolds (D:1)
  8 rats
53 creatures vanquished.

Notes
Turn   | Place    | Note
--------------------------------------------------------------
     0 | D:1      | Stone, the Mummy Fighter, began the quest for the Orb.
     0 | D:1      | Reached XP level 1. HP: 18/18 MP: 1/1
   854 | D:1      | Reached XP level 2. HP: 24/24 MP: 2/2
  1415 | D:2      | Reached XP level 3. HP: 27/29 MP: 3/3
  2124 | D:2      | Found a sparkling altar of Nemelex Xobeh.
  2207 | D:2      | Reached XP level 4. HP: 28/35 MP: 4/4
  2681 | D:3      | Noticed Robin
  2693 | D:3      | Killed Robin
  2693 | D:3      | Reached skill level 4 in Maces & Flails
  2698 | D:3      | Noticed Stone's ghost (average OpFi)
  2732 | D:3      | Noticed Jessica
  2740 | D:3      | Found a glowing drain.
  2743 | D:3      | Slain by a river rat

Action                   |  1- 3 |  4- 6 || total
-------------------------+-------+-------++-------
Melee: Flail             |   145 |    45 ||   190
       Mace              |     3 |       ||     3
  Use: Scroll            |       |     1 ||     1
